 Dungeon Crawl Stone Soup version 0.29-a0-643-ga013cefcf8 (webtiles) character file.

Game seed: 6552245894576741344

155 zeratav the Shooter (level 5, -2/25 HPs)
             Began as a Spriggan Hunter on June 20, 2022.
             Killed from afar by Natasha (10 damage)
             ... with a magic dart
             ... on level 3 of the Dungeon.
             The game lasted 00:04:19 (2212 turns).

zeratav the Shooter (Spriggan Hunter)               Turns: 2212, Time: 00:04:20

Health: -2/25      AC:  3    Str:  7    XL:     5   Next: 14%
Magic:  6/6        EV: 18    Int: 11    God:
Gold:   122        SH:  0    Dex: 20    Spells: 4/4 levels left

rFire   . . .      SeeInvis +   a - +1 shortbow {bow}
rCold   . . .      Faith    .   (shield currently unavailable)
rNeg    . . .      Spirit   .   b - +0 robe
rPois   .          Reflect  .   (helmet restricted)
rElec   .          Harm     .   m - +0 cloak
rCorr   .          Rampage  .   (gloves unavailable)
Will    .....                   (boots unavailable)
Stlth   ++........              (no amulet)
HPRegen 0.08/turn               (no ring)
MPRegen 0.10/turn               (no ring)

@: very quick
A: very small, no large weapons, unfitting armour, see invisible, speed 3
a: no special abilities


You were on level 3 of the Dungeon.
You visited 1 branch of the dungeon, and saw 3 of its levels.

You collected 122 gold pieces.


Innate Abilities, Weirdness & Mutations

You are very small and have problems with some larger weapons.
You are too small for most types of armour.
You have supernaturally acute eyesight. (SInv)
You cover ground extremely quickly. (Speed+++)


   Skills:
 - Level 1.5 Fighting
 + Level 7.8 Bows
 - Level 2.6 Dodging
 - Level 1.5 Stealth


You had 4 spell levels left.
You didn't know any spells.
Your spell library contained the following spells:

 Spells                   Type           Power      Damage    Failure   Level
 Blink                    Tloc           0%         N/A       47%         2
 Manifold Assault         Tloc           0%         N/A       100%        5
 Storm Form               Tmut/Air       0%         N/A       100%        7

Inventory:

Hand Weapons
 a - a +1 shortbow (weapon) {bow}
 j - a +0 short sword of protection {short}
   (You took it off Terence on level 2 of the Dungeon)
Armour
 b - a +0 robe (worn)
 m - a +0 cloak (worn)
   (You found it on level 3 of the Dungeon)
Scrolls
 c - 2 scrolls of immolation {!r!r}
 g - a scroll of poison {unknown}
 k - a scroll of teleportation {unknown}
 n - a scroll of acquirement {unknown}
 o - a scroll of fog {unknown}
 p - a scroll of vulnerability {unknown}
 q - 2 scrolls of identify {unknown}
Potions
 d - a potion of flight {unknown}
 e - a potion of haste {unknown}
 f - a potion of invisibility {unknown}
 h - 2 potions of curing {@q1}
 i - 2 potions of heal wounds {unknown}
 l - a potion of magic {unknown}

Dungeon Overview and Level Annotations

Branches:
Dungeon (3/15) Zot: 16414

Altars:
Beogh

Annotations:
D:3 Natasha

###.#..#...# #.
#..#.......# #.
###........# #. #####.#..#
# ..
###........#########'###.
#.
#..#.......#.............
.#
###.#..#...#.............
#####.#...#.#....h..w..##.
#.#....#.(..#.@.###.......
##.###..........# .......
###.....#......# .......
####.#.#.....##### .....†.
#)###.#..#...# .......
##..##..#....# ....
###.†.......# ###.#...#.#
#########


You could see a worm and Natasha.


Message History

An endoplasm is nearby!
You shoot an arrow. The arrow hits the endoplasm.
You shoot an arrow. The arrow hits the endoplasm.
You kill the endoplasm!
No target in view!
q - 2 scrolls labelled JAEWIP XYI (gained 1)
An endoplasm comes into view.
An endoplasm is nearby!
You shoot an arrow.
The arrow hits the endoplasm but does no damage.
The endoplasm quivers.
You shoot an arrow. The arrow hits the endoplasm.
The endoplasm closely misses you.
You shoot an arrow. The arrow hits the endoplasm!
You kill the endoplasm!
No target in view!
A quokka comes into view.
You shoot an arrow. The arrow hits the quokka!
You kill the quokka!
A giant cockroach comes into view.
You shoot an arrow. The arrow hits the giant cockroach.
The giant cockroach completely misses you.
You shoot an arrow. The arrow hits the giant cockroach!
You kill the giant cockroach!
No target in view!
You see here a giant cockroach corpse.
Things that are here:
a +0 whip {mace}; a +0 club {mace} You see here a giant cockroach corpse.
A ball python comes into view.
A ball python is nearby!
You shoot an arrow. The arrow hits the ball python!
You kill the ball python!
No target in view!
Natasha, Servant of Life and Death comes into view.
Shoot: a) +1 shortbow {bow}
Press: ? - help, Q - select action Shift-Dir - straight line, f - Natasha
Aim: Natasha (wandering, hasn't noticed you, 60% to hit)
You shoot an arrow. The arrow closely misses Natasha.
Natasha hisses angrily.
Shoot: a) +1 shortbow {bow}
Press: ? - help, Q - select action Shift-Dir - straight line, f/p - Natasha
Aim: Natasha (60% to hit)
You shoot an arrow. The arrow hits Natasha!
Shoot: a) +1 shortbow {bow}
Press: ? - help, Q - select action Shift-Dir - straight line, f/p - Natasha
Aim: Natasha (heavily wounded, 60% to hit)
You shoot an arrow. The arrow barely misses Natasha.
Natasha drinks a potion.
Natasha is healed!
Shoot: a) +1 shortbow {bow}
Press: ? - help, Q - select action Shift-Dir - straight line, f/p - Natasha
Aim: Natasha (60% to hit)
You shoot an arrow. The arrow closely misses Natasha.
A worm comes into view.
Shoot: a) +1 shortbow {bow}
Press: ? - help, Q - select action Shift-Dir - straight line, f/p - Natasha
Aim: Natasha (60% to hit)
You shoot an arrow. The arrow closely misses Natasha.
Shoot: a) +1 shortbow {bow}
Press: ? - help, Q - select action Shift-Dir - straight line, f/p - Natasha
Aim: Natasha (60% to hit)
You shoot an arrow. The arrow hits Natasha.
Natasha closely misses you.
Shoot: a) +1 shortbow {bow}
Press: ? - help, Q - select action Shift-Dir - straight line, f/p - Natasha
Aim: Natasha (lightly wounded, 60% to hit)
You shoot an arrow. The arrow closely misses Natasha.
Natasha howls an incantation.
Natasha shimmers violently.
Natasha claws you.
HP[-5]
You take 5 damage, and now have 20/25 hp.
Shoot: a) +1 shortbow {bow}
Press: ? - help, Q - select action Shift-Dir - straight line, f/p - Natasha
Aim: Natasha (lightly wounded, 60% to hit)
You shoot an arrow. The arrow closely misses Natasha.
Natasha claws you.
HP[-3]
You take 3 damage, and now have 17/25 hp.
Shoot: a) +1 shortbow {bow}
Press: ? - help, Q - select action Shift-Dir - straight line, f/p - Natasha
Aim: Natasha (lightly wounded, 60% to hit)
You shoot an arrow. The arrow hits Natasha.
Natasha claws you.
HP[-1]
You take 1 damage, and now have 16/25 hp.
Shoot: a) +1 shortbow {bow}
Press: ? - help, Q - select action Shift-Dir - straight line, f/p - Natasha
Aim: Natasha (moderately wounded, 60% to hit)
You shoot an arrow. The arrow hits Natasha.
Natasha claws you!
* * * LOW HITPOINT WARNING * * *
HP[-9]
You take 9 damage, and now have 7/25 hp.
MASSIVE DAMAGE!! (PAUSE) HP[+1] Natasha stares at you and mumbles some strange words.
The magic dart hits you!
You die...

Skill      XL: |  1  2  3 |
---------------+----------+-----
Bows           | 5 6 7 |  7.8
Fighting       | |  1.5
Dodging        | |  2.6
Stealth        | |  1.5

Action                   |  1- 3 |  4- 6 || total
-------------------------+-------+-------++-------
 Fire: Shortbow          |    95 |    68 ||   163
  Use: Scroll            |     1 |       ||     1
Armor: Robe              |     2 |       ||     2
Dodge: Dodged            |    18 |     4 ||    22

Levels and vault maps discovered:
D:1:      dpeg_arrival_rhombi, layout_basic,
          hellmonk_ecumenical_altar_defaced_shrine, serial_rivers,
          chequers_serial_rivers_small_b, chequers_serial_rivers_large_b,
          chequers_serial_rivers_room_b, chequers_serial_rivers_room_a,
          chequers_serial_rivers_room_a
D:2:      layout_rooms, uniq_terence
D:3:      layout_basic, amethyst_killhole, minmay_increasing_density,
          uniq_natasha

Notes
Turn   | Place    | Note
-------+----------+-------------------------------------------
     0 | D:1      | zeratav the Spriggan Hunter began the quest for the Orb.
     0 | D:1      | Reached XP level 1. HP: 10/10 MP: 2/2
     0 | D:1      | magus.rc [v1.9.6]
    52 | D:1      | Reached skill level 5 in Bows
   153 | D:1      | Reached XP level 2. HP: 14/14 MP: 3/3
   419 | D:1      | Reached skill level 6 in Bows
   425 | D:1      | You add the spells Blink, Manifold Assault and Storm Form
                  | to your library.
   433 | D:1      | Reached XP level 3. HP: 18/18 MP: 4/4
   721 | D:1      | Found a faded altar of an unknown god.
  1421 | D:2      | Noticed Terence
  1430 | D:2      | Killed Terence
  1431 | D:2      | Reached skill level 7 in Bows
  1431 | D:2      | Reached XP level 4. HP: 22/22 MP: 5/5
  1859 | D:3      | Noticed Natasha
  1875 | D:3      | Killed Natasha
  1876 | D:3      | Reached XP level 5. HP: 25/25 MP: 6/6
  2198 | D:3      | Noticed Natasha
  2212 | D:3      | Killed from afar by Natasha

Vanquished Creatures
  Terence (D:2)
  Natasha (D:3)
  2 adders (D:2)
  A worm (D:2)
  4 dart slugs (D:1)
  An orc (D:3)
  10 endoplasms
  8 giant cockroaches
  3 goblins
  5 hobgoblins
  4 jackals (D:1)
  9 kobolds
  4 quokkas
  8 ball pythons
  A bat (D:1)
  A frilled lizard (D:3)
  6 rats
69 creatures vanquished.

Table legend:
 A = Non-vault XP
 B = Vault XP
 C = Vault XP percentage of total XP
 D = Non-vault monster count
 E = Vault monster count
 F = Vault count percentage of total count
                 A         B        C        D         E       F
            +---------+---------+-------+---------+---------+-------
      Total |     124 |      98 |  44.1 |      55 |      14 |  20.3
            +---------+---------+-------+---------+---------+-------
        D:1 |      51 |      10 |  16.4 |      26 |       3 |  10.3
        D:2 |      66 |      36 |  35.3 |      24 |       1 |   4.0
        D:3 |       7 |      52 |  88.1 |       5 |      10 |  66.7
            +---------+---------+-------+---------+---------+-------

Illustrated notes

Table legend:
 A = Kills in this place as a percentage of kills in entire the game.
 B = Kills by you in this place as a percentage of kills by you in the entire game.
 C = Kills by friends in this place as a percentage of kills by friends in the entire game.
 D = Other kills in this place as a percentage of other kills in the entire game.
 E = Experience gained in this place as a percentage of experience gained in the entire game.
 F = Experience gained in this place divided by the number of levels of this place that you have seen.
                   A       B       C       D       E      F
               +-------+-------+-------+-------+-------+----------------------
         Total | 100.0 | 100.0 |   N/A |   N/A | 100.0 |  74.0
       Dungeon | 100.0 | 100.0 |   N/A |   N/A | 100.0 |  74.0
               +-------+-------+-------+-------+-------+----------------------

Table legend: (Time is in decaauts)
 A = Elapsed time spent in this place.
 B = Non-inter-level travel time spent in this place.
 C = Inter-level travel time spent in this place.
 D = Time resting spent in this place.
 E = Time spent auto-exploring this place.
 F = Levels seen in this place.
 G = Mean time per level.
                   A        B        C        D        E       F      G
               +--------+--------+--------+--------+--------+-----+--------+
         Total |   1584 |   1556 |     28 |     21 |   1240 |   3 |  528.0 |
       Dungeon |   1584 |   1556 |     28 |     21 |   1240 |   3 |  528.0 |
               +--------+--------+--------+--------+--------+-----+--------+

Top non-repeatable levels by time:
     D:1: 949 daAuts
     D:3: 378 daAuts
     D:2: 256 daAuts
